Map: Efflorescence LE

Players

Massa

  • Race: Terran Terran
  • League: Platinum
  • Spawn Location: 3:00

qqq

  • Race: Zerg Zerg
  • Spawn Location: 12:00

Kassad

  • Race: Terran Terran
  • League: Gold
  • Spawn Location: 9:00

PaMpLe

  • Race: Terran Terran
  • Spawn Location: 6:00

VOD

Have the link to the VOD?

Description

Time

  • Played on: Oct. 11, 2020, 4:27 p.m.
  • Length: 21:53
Show
View Real Time Build Order
Export as new Build Order

Massa Terran 

Build Orders:  

Get SALT Encoding   

  12  0:00  SCV  
  13  0:12  SCV  
  14  0:18  Supply Depot  
  14  0:24  SCV  
  15  0:40  SCV  
  15  0:41  Barracks  
  16  0:46  Refinery  
  16  0:52  SCV  
  17  0:59  Refinery  
  17  1:04  SCV  
  18  1:15  Barracks  
  18  1:16  SCV  
  19  1:28  Reaper, SCV  
  21  1:40  Orbital Command  
  21  1:49  Supply Depot  
  21  2:00  Reaper  
  22  2:03  Reaper  
  23  2:11  SCV  
  23  2:12  Supply Depot  
  24  2:23  Factory  
  24  2:43  Marine x2  
  26  2:46  SCV  
  27  2:58  SCV  
  28  3:01  Marine x2  
  29  3:22  Barracks Reactor  
  29  3:23  Barracks Tech Lab  
  29  3:24  Widow Mine  
  31  3:28  Command Center  
  31  3:36  Starport  
  31  3:46  Widow Mine  
  33  4:02  SCV  
  34  4:07  Factory Tech Lab  
  34  4:13  Engineering Bay, Medivac  
  34  4:14  SCV  
  37  4:23  Marine x2  
  39  4:25  Stimpack  
  39  4:30  Supply Depot  
  39  4:40  SCV, Marauder  
  39  4:41  Marine x2  
  44  4:48  Starport Tech Lab  
  44  4:52  SCV  
  45  4:57  Siege Tank  
  45  4:59  Marine x2  
  50  5:01  Marauder  
  50  5:39  Missile Turret  
  50  5:40  Missile Turret  
  50  5:42  Missile Turret  
  50  5:44  Missile Turret  
  50  5:46  Missile Turret  
  50  5:50  Missile Turret  
  50  5:52  Raven  
  54  6:32  Marine  
  54  6:33  Marauder, Marine  
  54  6:48  Cyclone  
  54  6:50  Marine x2  
  61  6:54  Marauder  
  61  7:08  Marine x2  
  60  7:12  Missile Turret  
  61  7:23  Combat Shield  
  61  7:26  Marine  
  61  7:29  Supply Depot  
  62  7:30  Orbital Command, Supply Depot  
  62  7:35  Missile Turret  
  62  7:38  Missile Turret  
  62  7:51  SCV, Marauder, Marine  
  66  7:54  Supply Depot  
  66  7:55  Viking  
  68  8:03  SCV  
  66  8:08  Cyclone  
  66  8:12  Marine  
  70  8:13  SCV  
  70  8:15  SCV  
  72  8:20  Missile Turret  
  72  8:22  Missile Turret  
  72  8:23  Refinery  
  72  8:25  SCV, Viking  
  75  8:27  SCV  
  75  8:32  Marine x2  
  75  8:34  Marauder  
  80  8:37  SCV  
  80  8:40  Cyclone  
  84  8:46  Mag-Field Accelerator  
  84  8:50  Marine  
  85  8:56  SCV  
  85  9:02  Supply Depot  
  86  9:04  Supply Depot  
  86  9:06  Supply Depot  
  86  9:09  Supply Depot  
  86  9:11  Terran Infantry Weapons Level 1  
  86  9:13  Armory  
  86  9:18  Concussive Shells  
  86  9:23  SCV x2, Medivac  
  86  9:24  Widow Mine  
  92  9:36  SCV x2  
  94  9:41  Marauder, Marine x2  
  100  9:46  Siege Tank  
  100  9:48  SCV x2  
  103  10:03  Marauder, Command Center  
  105  10:11  Marine x2  
  107  10:18  Siege Tank  
  110  10:24  Marauder  
  112  10:41  Marine x2  
  114  10:46  Marauder  
  116  10:51  Cyclone  
  107  10:58  Marine  
  107  10:59  Marine  
  96  11:07  Marauder  
  97  11:16  Marine  
  97  11:22  Marine  
  98  11:28  Marauder  
  100  11:34  Marine  
  100  11:39  Marine  
  100  11:50  Marauder  
  100  11:52  Marine  
  103  11:57  Marine  
  84  12:05  Cyclone  
  74  12:10  Marine  
  74  12:11  Marauder  
  74  12:15  SCV, Marine  
  77  12:16  SCV  
  77  12:21  Refinery  
  80  12:25  Factory  
  80  12:27  Marine  
  80  12:28  SCV x2  
  80  12:29  Raven  
  85  12:30  Barracks  
  85  12:32  Marauder  
  85  12:33  Marine  
  88  12:37  Siege Tank  
  88  12:40  SCV x2  
  93  12:52  SCV x2  
  93  12:54  Marauder  
  78  13:04  SCV x2  
  71  13:10  Cyclone, Marine  
  71  13:11  Marine  
  71  13:12  Medivac  
  71  13:13  Factory Reactor  
  71  13:15  Marauder  
  69  13:28  Marine  
  69  13:29  Marine  
  67  13:37  Marauder  
  66  13:41  Barracks Tech Lab  
  66  13:44  Medivac  
  66  13:46  Marine x2  
  66  13:47  Siege Tank  
  73  13:50  Factory Tech Lab  
  73  13:52  Orbital Command  
  73  13:54  SCV x2  
  75  13:58  Marauder  
  77  14:04  Marine x2  
  77  14:06  SCV  
  82  14:10  Marauder  
  82  14:13  Medivac  
  82  14:14  Terran Infantry Armor Level 1  
  82  14:15  Terran Vehicle Weapons Level 1  
  84  14:19  Marauder, Siege Tank  
  84  14:21  Marine, Engineering Bay  
  84  14:22  Marine  
  84  14:23  Refinery  
  91  14:25  Refinery  
  91  14:30  Marine  
  92  14:33  Command Center  
  92  14:39  Marine  
  92  14:41  Marauder  
  95  14:49  Marauder  
  95  14:51  Cyclone  
  98  14:54  Marine  
  98  14:57  Marine  
  98  14:58  Cyclone  
  97  15:02  Marauder  
  97  15:06  SCV  
  97  15:07  SCV x2  
  102  15:10  Marauder  
  102  15:12  Marine  
  105  15:15  Marine  
  105  15:18  SCV  
  105  15:19  SCV x2  
  108  15:23  Cyclone, Marauder  
  113  15:30  Cyclone, Marine, SCV  
  113  15:31  SCV  
  113  15:32  Marauder  
  113  15:33  Marine  
  119  15:50  SCV  
  119  15:52  SCV, Marine  
  118  15:59  Marine x2  
  118  16:00  Siege Tank, Supply Depot x2  
  118  16:01  Marauder, Supply Depot x5  
  118  16:02  Siege Tank  
  118  16:03  Supply Depot  
  106  16:11  Marauder  
  99  16:17  Marine x2  
  99  16:18  Command Center  
  101  16:22  Marauder  
  103  16:32  Marauder  
  105  16:33  Siege Tank  
  105  16:34  Siege Tank  
  105  16:35  Marine x2  
  113  16:43  Marauder  
  115  16:53  Marauder, Marine  
  115  17:05  Marauder, Siege Tank  
  115  17:06  Marine  
  111  17:11  Marine  
  111  17:15  Marauder  
  113  17:24  Marine  
  113  17:26  Marauder  
  113  17:29  Marine  
  113  17:36  Marauder  
  111  17:48  Marauder  
  113  17:57  Marauder  
  109  18:09  Marauder  
  107  18:20  Command Center  
  75  19:25  Cyclone  
  75  19:26  Cyclone  
  71  19:55  Marine x4  
  71  19:58  Cyclone  
  71  19:59  Cyclone  
  68  20:13  Marine x4  
  56  20:30  Cyclone  
  56  20:31  Cyclone, Marine x3  
  62  21:04  Orbital Command  
  53  21:34  SCV  
  53  21:35  SCV  
Show
View Real Time Build Order
Export as new Build Order

qqq Zerg 

Build Orders: Hatch First, Swarm Host 

Get SALT Encoding   

  12  0:11  Drone x2  
  14  0:38  Hatchery  
  14  0:42  Drone  
  14  1:01  Spawning Pool  
  13  1:06  Overlord  
  13  1:18  Drone  
  14  1:21  Extractor  
  14  1:22  Drone  
  14  1:37  Drone x2  
  16  2:01  Drone x2  
  18  2:03  Drone x2  
  18  2:04  Drone  
  18  2:06  Queen  
  23  2:12  Drone  
  24  2:23  Zergling x2  
  24  2:27  Drone  
  26  2:41  Zergling x4  
  28  2:47  Metabolic Boost  
  28  2:57  Overlord x2  
  28  2:58  Overlord x2  
  28  3:23  Roach Warren  
  28  3:26  Zergling x4  
  29  3:27  Drone x2  
  29  3:28  Drone  
  29  3:30  Drone  
  29  3:34  Drone  
  34  3:37  Zergling x2  
  34  3:39  Hatchery  
  34  3:53  Drone x2  
  34  3:55  Zergling x4  
  37  4:00  Lair  
  38  4:03  Queen  
  38  4:05  Roach  
  38  4:09  Roach  
  44  4:18  Drone  
  44  4:20  Roach  
  47  4:32  Roach  
  47  4:33  Drone x2  
  51  4:42  Roach  
  51  4:44  Drone  
  54  4:50  Drone  
  54  4:52  Extractor  
  54  4:54  Drone x2  
  56  5:05  Drone x2  
  56  5:06  Roach x2  
  62  5:13  Drone  
  62  5:14  Drone  
  64  5:16  Hydralisk Den  
  60  5:37  Drone x2  
  60  5:40  Spore Crawler  
  60  5:41  Spore Crawler x2  
  53  5:47  Hydralisk x2  
  53  5:48  Hydralisk  
  54  6:00  Extractor  
  54  6:02  Extractor, Queen  
  54  6:03  Drone x4  
  58  6:13  Hatchery, Drone  
  54  6:19  Drone x3  
  54  6:20  Drone, Hatchery  
  55  6:34  Spore Crawler  
  55  6:35  Spore Crawler  
  55  6:36  Spore Crawler  
  55  6:38  Drone  
  55  6:39  Drone  
  54  7:01  Drone x3  
  57  7:08  Spore Crawler  
  56  7:09  Queen  
  56  7:14  Drone  
  56  7:15  Overlord  
  56  7:16  Overlord  
  55  7:27  Drone x3  
  58  7:31  Drone x5  
  63  7:42  Infestation Pit  
  63  7:43  Drone  
  64  7:44  Drone  
  64  7:49  Spore Crawler  
  63  7:55  Drone x2  
  63  7:57  Drone x3  
  64  8:07  Hydralisk x2  
  61  8:12  Drone  
  61  8:13  Drone x3  
  64  8:21  Zergling x6  
  64  8:22  Zergling x2  
  64  8:23  Drone x2  
  70  8:29  Spore Crawler  
  70  8:31  Spore Crawler  
  70  8:32  Drone  
  70  8:33  Drone x2  
  70  8:34  Drone  
  72  8:46  Hive  
  72  8:54  Zergling x4  
  74  8:56  Swarm Host x2  
  80  9:05  Hydralisk  
  80  9:09  Nydus Network  
  81  9:12  Overlord x2  
  81  9:13  Overlord x2  
  81  9:18  Overlord  
  81  9:20  Muscular Augments  
  81  9:30  Evolution Chamber  
  80  9:32  Swarm Host  
  80  9:34  Hydralisk  
  85  9:42  Swarm Host  
  85  9:44  Drone  
  85  9:45  Drone x6  
  94  9:47  Drone  
  94  9:52  Spore Crawler  
  95  9:54  Spore Crawler  
  94  10:01  Drone x3  
  94  10:02  Drone x3  
  94  10:05  Swarm Host  
  103  10:08  Swarm Host  
  106  10:31  Grooved Spines  
  106  10:33  Drone x2  
  108  10:35  Drone  
  108  10:36  Drone x2  
  103  11:07  Swarm Host  
  103  11:09  Overlord  
  103  11:10  Overlord  
  103  11:11  Overlord x6  
  106  11:15  Hatchery  
  104  11:26  Hatchery  
  104  11:29  Nydus Canal  
  104  11:32  Hydralisk x2  
  103  11:33  Hydralisk x3  
  103  11:34  Hydralisk  
  103  11:36  Hatchery  
  111  11:58  Hydralisk x2  
  115  12:03  Hydralisk  
  115  12:04  Hydralisk x2  
  115  12:05  Swarm Host  
  115  12:06  Hydralisk  
  115  12:07  Swarm Host  
  115  12:08  Swarm Host  
  132  12:12  Nydus Canal  
  128  12:26  Drone x2, Swarm Host  
  128  12:27  Swarm Host  
  95  13:15  Drone x7  
  95  13:16  Drone x2  
  95  13:18  Zergling x6  
  100  13:26  Nydus Canal  
  90  13:42  Hydralisk x2  
  90  13:43  Hydralisk x3  
  90  13:44  Hydralisk  
  101  13:59  Hydralisk  
  103  14:06  Drone x2  
  105  14:12  Hatchery  
  102  14:18  Hatchery  
  101  14:27  Hatchery  
  100  14:42  Drone x6  
  100  14:43  Swarm Host  
  100  14:44  Hydralisk x2  
  113  14:52  Evolution Chamber x2  
  110  14:55  Hydralisk x3  
  109  15:07  Hatchery  
  109  15:11  Hatchery  
  106  15:30  Drone  
  106  15:31  Hydralisk x3  
  112  15:45  Zerg Missile Weapons Level 1  
  109  16:11  Nydus Canal  
  105  16:20  Hydralisk x4  
  105  16:22  Hatchery  
  105  16:53  Hydralisk  
  105  16:54  Hydralisk x7  
  99  16:55  Hydralisk  
  117  17:04  Drone x3  
  120  17:39  Zerg Ground Armor Level 1  
  118  17:44  Hydralisk  
  118  17:45  Hydralisk x3  
  118  17:47  Viper x4  
  124  18:24  Swarm Host  
  124  18:25  Hydralisk, Swarm Host x4  
  124  18:26  Hydralisk x3  
  106  18:54  Swarm Host  
  106  18:55  Swarm Host x5  
  120  19:04  Hydralisk x3  
  126  19:14  Zergling x6  
  129  19:21  Zerg Melee Weapons Level 1  
  129  19:22  Zerg Missile Weapons Level 2  
  118  19:53  Hydralisk x2  
  118  19:54  Hydralisk x2  
  108  21:12  Hatchery  
  106  21:20  Hatchery  
Show
View Real Time Build Order
Export as new Build Order

Kassad Terran 

Build Orders:  

Get SALT Encoding   

  12  0:00  SCV  
  13  0:12  SCV  
  14  0:18  Supply Depot  
  14  0:25  SCV  
  15  0:30  Refinery  
  15  0:40  SCV  
  16  0:47  Barracks  
  16  0:52  SCV  
  17  0:58  Refinery  
  17  1:09  SCV  
  18  1:22  SCV  
  19  1:37  Orbital Command  
  19  1:40  Supply Depot  
  19  1:49  Factory  
  19  1:54  Marine  
  20  2:08  SCV, Supply Depot  
  21  2:22  SCV  
  22  2:23  Marine  
  23  2:34  Starport, SCV  
  24  2:42  Marine  
  24  2:45  Hellion  
  24  2:48  SCV  
  27  3:00  SCV  
  27  3:19  SCV  
  29  3:20  Hellion  
  29  3:25  Starport Tech Lab  
  29  3:26  Fusion Core  
  29  3:31  SCV  
  29  3:32  Armory  
  30  3:43  SCV  
  31  3:55  SCV  
  32  4:02  Factory Tech Lab  
  32  4:09  Barracks Tech Lab  
  32  4:12  SCV  
  32  4:16  Battlecruiser, Supply Depot  
  39  4:18  Bunker  
  39  4:21  Supply Depot  
  39  4:27  Supply Depot  
  39  4:38  Thor  
  45  4:40  Supply Depot  
  45  4:42  SCV  
  46  5:03  SCV  
  46  5:06  Command Center  
  47  5:15  SCV  
  48  5:27  SCV  
  55  5:35  Battlecruiser  
  55  5:44  SCV  
  55  5:47  Command Center  
  56  6:26  SCV x2  
  58  6:39  Battlecruiser  
  64  7:13  Thor  
  66  7:24  SCV  
  68  7:31  Orbital Command  
  68  7:34  Factory  
  68  7:36  SCV  
  68  7:37  Factory  
  68  7:40  Refinery, Orbital Command  
  68  7:47  Refinery  
  68  7:48  SCV  
  69  8:00  SCV  
  64  8:19  SCV x3  
  67  8:31  SCV  
  68  8:38  Factory  
  68  8:39  Factory Tech Lab x2  
  68  8:42  Refinery  
  68  8:44  SCV x3  
  71  8:50  Refinery  
  71  8:51  Supply Depot  
  71  8:52  Supply Depot  
  71  8:54  Supply Depot  
  71  8:56  SCV x3, Supply Depot  
  71  8:57  Command Center  
  74  9:06  Thor x2  
  74  9:08  SCV x2  
  88  9:13  Armory  
  88  9:15  Armory  
  88  9:16  Refinery  
  88  9:23  Refinery  
  88  9:27  SCV x2  
  88  9:28  SCV  
  91  9:39  SCV  
  91  9:40  SCV x2, Thor  
  100  9:49  Thor  
  106  9:59  Battlecruiser  
  112  10:04  Factory Tech Lab  
  112  10:14  Orbital Command  
  87  11:12  Thor x3  
  93  11:20  Terran Vehicle Weapons Level 1  
  84  11:55  Thor x3  
  102  12:02  Battlecruiser  
  108  12:11  Refinery  
  108  12:12  Command Center  
  108  12:38  Thor  
  114  12:56  Command Center  
  114  13:01  SCV x2  
  116  13:13  SCV x2  
  118  13:23  Thor  
  118  13:25  Weapon Refit  
  124  13:54  Terran Vehicle Weapons Level 2  
  124  13:55  Terran Vehicle And Ship Armor Level 1, Terran Ship Weapons Level 1  
  124  14:04  Orbital Command  
  124  14:09  Refinery  
  124  14:10  Orbital Command  
  124  14:13  SCV x2  
  126  14:20  Refinery  
  126  14:25  SCV  
  120  14:53  Thor x3  
  138  15:04  SCV x3  
  141  15:16  SCV x2  
  141  15:17  SCV  
  144  15:28  SCV  
  144  15:29  SCV  
  146  15:59  Thor  
  146  16:07  Battlecruiser  
  146  16:13  SCV x2  
  148  16:45  SCV x3  
  133  16:57  SCV x2  
  127  17:05  Thor x2  
  127  17:06  Thor  
  139  17:11  Battlecruiser  
  139  17:48  Thor  
  145  17:52  Thor  
  145  17:57  Thor  
  132  18:16  Battlecruiser  
  114  18:31  Thor  
  120  18:35  Thor  
  120  18:40  Thor  
  131  18:57  SCV x3  
  134  19:09  SCV x3  
  131  19:14  Thor  
  136  19:18  Thor  
  136  19:20  Battlecruiser  
  148  19:51  SCV x3  
  148  19:52  Thor  
  145  20:03  SCV x3  
  148  20:24  SCV x3  
  148  20:27  Thor  
  145  20:31  Thor  
  145  20:35  Thor  
  121  21:10  Thor  
  145  21:18  Command Center  
  145  21:20  Refinery x2  
  133  21:31  Ghost Academy  
  133  21:34  Ghost Academy  
  133  21:39  Ghost Academy  
  133  21:43  Ghost Academy  
Show
View Real Time Build Order
Export as new Build Order

PaMpLe Terran 

Build Orders: Mech 

Get SALT Encoding   

  12  0:01  SCV  
  13  0:13  SCV  
  14  0:20  Supply Depot  
  14  0:25  SCV  
  15  0:42  SCV  
  16  0:44  Barracks  
  16  0:47  Refinery  
  16  0:54  SCV  
  17  1:01  Refinery  
  17  1:14  SCV  
  17  1:26  SCV  
  18  1:39  SCV  
  19  1:42  Supply Depot  
  19  1:51  SCV  
  20  2:01  Reaper  
  21  2:07  Orbital Command  
  21  2:20  Factory  
  21  2:35  SCV  
  22  2:41  Command Center  
  22  2:50  SCV  
  23  2:54  Reaper  
  24  3:02  SCV  
  25  3:08  Factory Tech Lab  
  25  3:18  SCV  
  26  3:28  Siege Tank  
  26  3:30  Starport, SCV  
  31  3:34  Reaper  
  31  3:50  Supply Depot  
  31  3:52  SCV  
  31  3:54  Orbital Command  
  32  4:04  SCV  
  32  4:08  Starport Reactor  
  33  4:10  Siege Tank  
  33  4:13  Supply Depot  
  33  4:14  Factory  
  33  4:16  SCV  
  37  4:20  SCV  
  38  4:29  SCV  
  39  4:32  SCV  
  39  4:35  Armory  
  39  4:36  Supply Depot  
  40  4:41  SCV  
  40  4:42  Siege Tank  
  40  4:44  SCV  
  45  4:53  SCV  
  45  4:56  SCV  
  45  4:59  Refinery  
  47  5:00  Refinery  
  47  5:01  Factory Tech Lab  
  47  5:05  SCV, Factory  
  48  5:08  SCV  
  49  5:17  SCV  
  49  5:21  SCV  
  51  5:28  Viking  
  51  5:29  SCV, Viking  
  51  5:33  SCV  
  55  5:41  SCV  
  56  5:45  SCV  
  57  5:53  SCV  
  58  5:57  SCV, Thor  
  65  6:05  SCV  
  65  6:09  SCV  
  67  6:17  SCV  
  68  6:20  Factory Tech Lab, Command Center  
  68  6:21  SCV  
  69  6:30  SCV  
  70  6:42  SCV x2  
  70  6:45  Supply Depot  
  70  6:46  Supply Depot  
  68  6:54  SCV  
  68  6:56  Terran Vehicle And Ship Armor Level 1  
  69  7:07  Liberator x2  
  69  7:08  Thor  
  79  7:10  Supply Depot  
  79  7:12  SCV x2  
  79  7:15  Thor  
  82  7:24  SCV x2  
  84  7:31  Thor  
  84  7:36  SCV x2  
  92  7:46  Orbital Command  
  92  7:48  SCV x2  
  94  8:00  SCV x2  
  87  8:15  SCV x3  
  90  8:22  Armory  
  90  8:32  SCV x2  
  90  8:33  Thor  
  98  8:34  Thor  
  98  8:41  Supply Depot  
  104  8:43  Command Center  
  104  8:50  Viking, Terran Vehicle Weapons Level 1  
  104  8:51  Viking  
  104  8:53  SCV  
  109  8:59  Refinery  
  109  9:02  SCV x2, Thor  
  117  9:04  Supply Depot  
  117  9:07  Refinery  
  117  9:19  Supply Depot  
  117  9:21  Supply Depot x3  
  117  9:25  SCV x3, Viking  
  117  9:26  Supply Depot  
  122  9:37  SCV x3  
  125  9:40  Thor  
  125  9:45  Hellbat  
  133  9:48  Supply Depot  
  133  9:49  SCV x3  
  133  9:51  Command Center  
  136  10:00  Orbital Command  
  136  10:01  SCV x2  
  136  10:02  SCV  
  136  10:04  Thor  
  136  10:05  Viking x2  
  149  10:14  SCV x3  
  152  10:19  Refinery  
  152  10:25  Thor  
  152  10:26  SCV  
  152  10:28  Refinery  
  159  10:35  Viking  
  159  10:40  Terran Vehicle And Ship Armor Level 2  
  159  10:55  Thor  
  160  10:57  Viking  
  160  11:05  Viking  
  162  11:21  Terran Vehicle Weapons Level 2  
  162  11:23  Thor  
  168  11:27  Viking  
  168  11:29  Starport  
  170  11:35  Viking  
  157  12:14  SCV x5  
  162  12:16  Thor x3  
  162  12:18  Starport Reactor  
  180  12:26  SCV x2  
  182  12:30  Factory  
  144  12:59  Thor x3  
  141  13:11  Liberator x2  
  141  13:18  Orbital Command  
  141  13:19  Refinery  
  141  13:20  Refinery  
  141  13:27  Factory Reactor  
  141  13:29  Factory  
  129  13:42  Thor x3  
  141  13:57  Terran Vehicle And Ship Armor Level 3  
  141  13:58  Terran Vehicle Weapons Level 3  
  141  14:02  Viking x2  
  145  14:03  Viking x2  
  145  14:04  Command Center  
  145  14:07  Hellbat x2  
  145  14:08  Refinery  
  153  14:14  Factory  
  153  14:16  Factory  
  153  14:24  Thor  
  153  14:28  Hellbat x2  
  162  14:33  Refinery  
  161  14:42  Thor x2  
  167  14:49  Hellbat  
  167  14:50  Hellbat  
  167  14:53  SCV x5  
  172  15:05  SCV x2  
  174  15:07  Liberator x4, Thor  
  174  15:11  Hellbat x2  
  174  15:12  Factory Tech Lab  
  196  15:14  Factory Tech Lab  
  196  15:15  Factory Tech Lab  
  196  15:25  Refinery  
  196  15:32  Hellbat  
  196  15:33  Hellbat  
  196  15:43  Orbital Command  
  196  15:51  Refinery  
  196  15:53  Hellbat  
  196  15:54  Hellbat  
  194  15:57  Thor x2  
  176  16:15  Hellbat  
  178  16:27  Thor x2  
  178  16:28  Thor  
  178  16:31  Viking x2  
  190  18:04  Thor  
  150  19:00  Thor  
  150  19:01  Thor x3  
  169  19:04  Viking x4  
  169  19:07  Thor x2  
  169  19:09  Hellbat x2  
  193  19:31  Hellbat x2  
  197  19:34  Viking  
  199  19:43  Thor  
  197  19:49  Thor  
  197  19:50  Thor  
  197  19:52  Hellbat  
  175  20:11  Thor x2  
  175  20:14  Command Center  
  181  20:16  Command Center x2, Thor  
  181  20:17  Command Center  
  181  20:18  Refinery, Hellbat x2  
  181  20:19  Command Center  
  191  20:26  Thor  
  189  20:32  Thor x2  
  195  20:39  Hellbat x2  
  199  21:25  Command Center  
  199  21:26  Command Center x3  
  197  21:35  Engineering Bay  
Tags
 
Add a new tag
Caveats
  • Supply blocks, unpowered buildings, or Contaminate may cause inaccurate times.
  • Supply counts are checked every 10 seconds.